 Dungeon Crawl Stone Soup version 0.29-a0-92-gee772dd00f (webtiles) character file.

Game seed: 8301493608588997845

246 lordive the Chucker (level 5, -2/49 HPs)
             Began as a Troll Hunter on Feb 9, 2022.
             Killed from afar by a white imp (5 damage)
             ... with a puff of frost
             ... summoned by Eustachio
             ... on level 4 of the Dungeon.
             The game lasted 00:05:20 (2174 turns).

lordive the Chucker (Troll Hunter)                  Turns: 2174, Time: 00:05:20

Health: -2/49      AC:  4    Str: 20    XL:     5   Next: 84%
Magic:  4/4        EV: 10    Int:  9    God:
Gold:   175        SH:  0    Dex: 10    Spells: 4/4 levels left

rFire   . . .      SeeInvis .     - Unarmed
rCold   . . .      Faith    .   (no shield)
rNeg    . . .      Spirit   .   b - +0 robe
rPois   .          Reflect  .   (helmet restricted)
rElec   .          Harm     .   (no cloak)
rCorr   .          Rampage  .   (gloves unavailable)
Will    .....                   (boots unavailable)
Stlth   +.........              (no amulet)
HPRegen 0.96/turn               (no ring)
MPRegen 0.09/turn               (no ring)

@: lethally poisoned (-2 -> -3)
A: large, unfitting armour, claws 3, regeneration 1, shaggy fur 1, tough skin 1
a: no special abilities


You were on level 4 of the Dungeon.
You visited 1 branch of the dungeon, and saw 4 of its levels.

You collected 175 gold pieces.

Inventory:

Missiles
 d - a throwing net (quivered)
Armour
 b - a +0 robe (worn)
 p - a scarf of invisibility
 q - an orb of light
Jewellery
 u - a ring of ice
Wands
 k - a wand of polymorph (4)
Scrolls
 a - 3 scrolls of identify {unknown}
 e - 3 scrolls of blinking {unknown}
 f - a scroll of torment {unknown}
 g - 2 scrolls of enchant weapon {unknown}
 h - a scroll of vulnerability {unknown}
 j - 2 scrolls of brand weapon {unknown}
 o - a scroll of amnesia {unknown}
 s - a scroll of teleportation {unknown}
Potions
 i - a potion of mutation {unknown}
 l - a potion of heal wounds {unknown}
 m - a potion of flight {unknown}
 n - a potion of degeneration {unknown}
 r - a potion of ambrosia {unknown}
 t - a potion of invisibility {unknown}


   Skills:
 + Level 1.9 Fighting
 + Level 4.2 Throwing
 + Level 2.5 Dodging
 + Level 1.3 Stealth
 + Level 3.6 Unarmed Combat


You had 4 spell levels left.
You didn't know any spells.
Your spell library contained the following spells:

 Spells                   Type           Power      Damage    Failure   Level
 Gell's Gravitas          Tloc           0%         N/A       77%         3
 Lesser Beckoning         Tloc           0%         N/A       77%         3
 Teleport Other           Tloc           0%         N/A       77%         3


Dungeon Overview and Level Annotations

Branches:
Dungeon (4/15)
 Temple: D:4-7

Altars:
Trog

Annotations:
D:3 2 runed translucent doors
D:4 Eustachio


Innate Abilities, Weirdness & Mutations

You are too large for most types of armour.
You have claws for hands.
Your natural rate of healing is unusually fast.
You are covered in fur. (AC +1)
You have tough skin. (AC +1)


Message History

The rat disappears in a puff of smoke!
The bat disappears in a puff of smoke!
The bat barely misses you. The white imp closely misses you.
The quokka bites you but does no damage.
Eustachio hits you but does no damage. The white imp gestures at you.
The puff of frost hits you.
* * * LOW HITPOINT WARNING * * *
The quokka barely misses you.
Throw: large rock
Press: ? - help, Q - select action, (/) - cycle Shift-Dir - straight line, f/p - Eustachio
Aim: Eustachio, wielding a +4 rapier of venom and wearing a +0 leather armour (heavily wounded, 46% to hit)
You throw a large rock. The large rock hits Eustachio!!
Eustachio is almost dead.
You feel sick. The bat closely misses you. The bat hits you but does no damage.
The bat barely misses you. The bat hits you but does no damage.
Eustachio gestures wildly while chanting.
Eustachio blinks!
The quokka barely misses you. The white imp barely misses you.
The bat barely misses you. The bat closely misses you.
The bat barely misses you.
The quokka bites you but does no damage.
The white imp hits you.
* * * LOW HITPOINT WARNING * * *
The white imp freezes you.
* * * LOW HITPOINT WARNING * * *
Throw: 2 throwing nets
Press: ? - help, Q - select action, (/) - cycle Shift-Dir - straight line, f/p - Eustachio
Aim: Eustachio, wielding a +4 rapier of venom and wearing a +0 leather armour (almost dead, 46% to hit)
You throw a throwing net.
The throwing net closely misses the bat.
The throwing net hits Eustachio.
Eustachio is caught in the net!
Eustachio is almost dead.
You feel sick. The bat hits you.
* * * LOW HITPOINT WARNING * * *
The bat closely misses you. The bat barely misses you.
The bat hits you but does no damage.
Eustachio struggles against the net.
The quokka bites you but does no damage.
The bat closely misses you. The bat hits you but does no damage.
The white imp gestures at you. The puff of frost hits you.
You die...

?# .# < .# #
###########..####.### ..
..(........>..(....(#...
####.....##... ...b@(.
#..........# #5((#
##.....###.# #@r.#
#.........# #bb.#
####.....##..###...#
...#...............#
##.#......#.#......#
#.##.......#...#+##
#.####.#.###.#.#
#.##.#.#.# #.#.#
#....#.#.# #.#.#


You could see Eustachio (caught), a white imp (summoned), a quokka (summoned)
and 3 bats.

Vanquished Creatures
  An ogre (D:4)
  An orc wizard (D:3)
  Robin (D:2)
  6 adders
  2 dart slugs
  4 orcs
  5 bats
  An endoplasm (D:2)
  14 goblins
  9 hobgoblins
  5 jackals (D:1)
  2 quokkas
  4 ball pythons
  2 frilled lizards
  4 kobolds
  3 rats
64 creatures vanquished.

Notes
Turn   | Place    | Note
-------+----------+-------------------------------------------
     0 | D:1      | lordive the Troll Hunter began the quest for the Orb.
     0 | D:1      | Reached XP level 1. HP: 19/19 MP: 0/0
   115 | D:1      | Reached XP level 2. HP: 27/27 MP: 1/1
   176 | D:1      | Reached skill level 4 in Throwing
   219 | D:1      | Found a faded altar of an unknown god.
   782 | D:2      | Reached XP level 3. HP: 33/33 MP: 2/2
   897 | D:2      | Reached skill level 1 in Unarmed Combat
   989 | D:2      | Noticed Robin
  1019 | D:2      | Reached skill level 1 in Stealth
  1028 | D:2      | Killed Robin
  1283 | D:3      | Found a large runed translucent door.
  1283 | D:3      | Found a large runed translucent door.
  1293 | D:3      | Reached XP level 4. HP: 42/42 MP: 3/3
  1677 | D:3      | Reached XP level 5. HP: 47/49 MP: 4/4
  1688 | D:3      | Found a bloodstained altar of Trog.
  2164 | D:4      | Noticed Eustachio
  2166 | D:4      | Noticed an ogre
  2169 | D:4      | Killed an ogre
  2174 | D:4      | Killed from afar by a white imp

Illustrated notes

Levels and vault maps discovered:
D:1:      amcnicky_arrival_single_pillar, layout_basic, basic_ecumenical_altar
D:2:      layout_loops_cross, uniq_robin
D:3:      layout_loops_ring, bloody_trog, jmf_multi_god_temple2,
          hangedman_decor_slide_cut, minivault_11, minmay_pentangle
D:4:      layout_basic, overflow_temple_1_default, uniq_eustachio

Skill      XL: |  1  2  3  4  5 |
---------------+----------------+-----
Throwing       | 4 |  4.2
Unarmed Combat | 1 2 3 |  3.6
Stealth        | 1 |  1.3
Dodging        | 2 |  2.5
Fighting       | |  1.9

Action                   |  1- 3 |  4- 6 || total
-------------------------+-------+-------++-------
Melee: Unarmed           |    98 |    59 ||   157
       Punch             |       |     1 ||     1
Throw: Large rock        |       |     8 ||     8
       Throwing net      |       |     1 ||     1
 Stab: Sleeping          |     5 |     1 ||     6
Armor: Robe              |    31 |    18 ||    49
       Skin              |     1 |       ||     1
Dodge: Dodged            |    41 |    51 ||    92

Table legend: (Time is in decaauts)
 A = Elapsed time spent in this place.
 B = Non-inter-level travel time spent in this place.
 C = Inter-level travel time spent in this place.
 D = Time resting spent in this place.
 E = Time spent auto-exploring this place.
 F = Levels seen in this place.
 G = Mean time per level.
                   A        B        C        D        E       F      G
               +--------+--------+--------+--------+--------+-----+--------+
         Total |   2174 |   2069 |    105 |     12 |   1689 |   4 |  543.5 |
       Dungeon |   2174 |   2069 |    105 |     12 |   1689 |   4 |  543.5 |
               +--------+--------+--------+--------+--------+-----+--------+

Top non-repeatable levels by time:
     D:3: 839 daAuts
     D:1: 754 daAuts
     D:2: 509 daAuts
     D:4: 70 daAuts
